 Dungeon Crawl Stone Soup version 0.30-a0-622-gddc90eaa04 (webtiles) character file.

Game seed: 11643507687817923261

1801 wormed the Magician (level 8, -5/46 HPs)
             Began as a Deep Elf Summoner on Jan 11, 2023.
             Was an Initiate of Gozag.
             Slain by a sky beast (6 damage)
             ... on level 6 of the Dungeon.
             The game lasted 00:15:11 (5818 turns).

wormed the Magician (Deep Elf Summoner)             Turns: 5818, Time: 00:15:12

Health: -5/46      AC:  5    Str:  5    XL:     8   Next: 83%
Magic:  25/29      EV: 14    Int: 23    God:    Gozag
Gold:   915        SH:  0    Dex: 15    Spells: 11/21 levels left

rFire   + + .      SeeInvis .    f - staff of death
rCold   . . .      Faith    .    (no shield)
rNeg    + . .      Spirit   .    i - +1 robe {rF+}
rPois   .          Reflect  .    D - +2 hat
rElec   .          Harm     .    (no cloak)
rCorr   .          Rampage  .    (no gloves)
Will    .....                    (no boots)
Stlth   ++                       (no amulet)
HPRegen 0.27/turn                p - ring of protection from fire
MPRegen 0.21/turn                w - ring of magical power

@: gold aura
A: no striking features
a: Renounce Religion, Potion Petition, Call Merchant, Bribe Branch


You were on level 6 of the Dungeon.
You worshipped Gozag.
Gozag was pleased with you.
You visited 1 branch of the dungeon, and saw 6 of its levels.

You collected 915 gold pieces.

Inventory:

Armour
 i - a +1 robe of fire resistance (worn)
 D - a +2 hat (worn)
Magical Staves
 f - a staff of death (weapon)
 o - a staff of conjuration
Jewellery
 p - a ring of protection from fire (left hand)
 q - a ring of fire
 w - a ring of magical power (right hand)
Wands
 s - a wand of polymorph (8)
 y - a wand of paralysis (9)
Scrolls
 c - a scroll of vulnerability
 e - 2 scrolls of teleportation
 h - a scroll of butterflies
 j - 4 scrolls of poison
 l - a scroll of fog
 m - 2 scrolls of immolation
 C - a scroll of fear
Potions
 a - a potion of cancellation
 b - a potion of magic
 d - a potion of haste
 g - a potion of brilliance
 k - 3 potions of flight {unknown}
 n - 3 potions of lignification {unknown}
 r - a potion of resistance {unknown}
 u - a potion of ambrosia {unknown}
 v - a potion of attraction {unknown}
 z - 3 potions of degeneration {unknown}
 A - a potion of curing {unknown}


   Skills:
 + Level 3.3 Fighting
 + Level 5.4 Dodging
 - Level 2.4 Stealth
 + Level 7.1 Spellcasting
 - Level 5.0 Hexes
 + Level 7.0 Summonings
 * Level 5.2 Air Magic


You had 11 spell levels left.
You knew the following spells:

 Your Spells              Type           Power      Damage    Failure   Level
a - Call Canine Familiar  Summ           40%        N/A       1%          3
b - Summon Guardian Gole  Hex/Summ       35%        N/A       1%          3
c - Summon Lightning Spi  Summ/Air       36%        N/A       6%          4

Your spell library contained the following spells:

 Spells                   Type           Power      Damage    Failure   Level
 Summon Small Mammal      Summ           100%       N/A       1%          1
 Call Imp                 Summ           40%        N/A       1%          2
 Shock                    Conj/Air       80%        1d8       2%          1
 Swiftness                Air            32%        N/A       2%          3
 Apportation              Tloc           16%        N/A       8%          1
 Necrotise                Necr           48%        1d6       8%          1
 Airstrike                Air            16%        2d(3-19)  9%          4
 Ignite Poison            Fire/Tmut/Pois 8%         N/A       22%         3
 Sticky Flame             Conj/Fire      8%         2d3       58%         4
 Ignition                 Fire           4%         3d4       100%        8


Dungeon Overview and Level Annotations

Branches:
Dungeon (6/15)             Temple (0/1) D:4

Altars:
Gozag
Hepliaklqana
Nemelex Xobeh
Qazlal

Annotations:
D:5 1 runed translucent door, superbruh's ghost, amateur GrMo


Message History

A hound comes into view.
Something hits you but does no damage.
Your wolf barely misses something.
The hound misses your wolf. Something hits you. Something shocks you.
You barely miss something.
Your wolf bites something.
The hound closely misses your wolf.
Your wolf barely misses something.
The hound bites your wolf but does no damage.
Something hits you but does no damage.
You miss something.
Your wolf bites the hound.
The hound closely misses your wolf.
Your wolf bites the hound!
A sky beast appears from thin air!
Reactivating autopickup.
The sky beast hits you but does no damage.
The hound bites your wolf but does no damage.
You barely miss the sky beast.
The sky beast is almost dead.
Your wolf bites the hound.
The hound dies!
Your wolf barely misses the sky beast.
The sky beast closely misses you.
You closely miss the sky beast.
The sky beast is almost dead.
Your wolf misses the sky beast. The sky beast hits you.
The sky beast shocks you.
Your wolf barely misses the sky beast.
You completely miss the sky beast.
The sky beast is almost dead.
Your wolf misses the sky beast. The sky beast hits you.
The sky beast shocks you.
* * * LOW HITPOINT WARNING * * *
Your wolf completely misses the sky beast.
The sky beast hits you.
* * * LOW HITPOINT WARNING * * *
The sky beast shocks you.
* * * LOW HITPOINT WARNING * * *
Casting: Call Canine Familiar (safe; 1% risk of failure)
Confirm with . or Enter, or press ? or * to list all spells.
An electric hum fills the air.
Your wolf bites the sky beast.
Your wolf closely misses the sky beast.
The sky beast hits you.
* * * LOW HITPOINT WARNING * * *
The sky beast shocks you.
You die...
Your body crumbles into a pile of gold.

#..#.# #.#
#...P....
#..#.###.#
##~~~....#
#....>...#
..♣♣...>#
#........#
.♣~~~##.#
####.###.#
. . ## .#
#.# #.#
#.# #.#
#.# #.#
#.# #@#
#.# #Y# #.
#.8h#
...#.$.
###. .###
$ .. ##
.## $ . $
#


You could see a sky beast (ally target), a friendly wolf (summoned) and a
friendly lightning spire (summoned).

Vanquished Creatures
  An orc (D:4)
1 creature vanquished.

Vanquished Creatures (collateral kills)
  Sigmund (D:5)
  Eustachio (D:6)
  A water moccasin (D:5)
  An ogre (D:4)
  A scorpion (D:5)
  A necrophage (D:5)
  3 hounds
  3 iguanas
  Terence (D:2)
  2 orc wizards (D:5)
  2 hound zombies (D:3)
  6 gnolls
  3 adders
  An adder zombie (D:3)
  An adder skeleton (D:3)
  A worm (D:4)
  2 dart slugs
  7 orcs
  5 bats
  10 endoplasms
  4 giant cockroaches
  12 goblins
  9 hobgoblins
  5 jackals
  6 kobolds
  4 quokkas
  6 ball pythons
  A ball python skeleton (D:3)
  2 frilled lizards
  A giant cockroach zombie (D:3)
  A quokka skeleton (D:3)
  8 rats
112 creatures vanquished.

Vanquished Creatures (others)
  4 yaks (D:6)
  An ogre (D:6)
  2 hounds
  3 orcs (D:6)
  2 jackals (D:5)
  A plant (D:6)
13 creatures vanquished.

Grand Total: 126 creatures vanquished

Notes
Turn   | Place    | Note
-------+----------+-------------------------------------------
     0 | D:1      | wormed the Deep Elf Summoner began the quest for the Orb.
     0 | D:1      | Reached XP level 1. HP: 10/10 MP: 6/6
   137 | D:1      | Reached XP level 2. HP: 13/15 MP: 4/8
   550 | D:1      | Reached skill level 5 in Summonings
   550 | D:1      | Reached XP level 3. HP: 19/19 MP: 7/10
   554 | D:1      | Learned a level 3 spell: Call Canine Familiar
   831 | D:1      | Found a faded altar of an unknown god.
   873 | D:1      | Prayed at the altar of an unknown god.
   873 | D:1      | Became a worshipper of Gozag Ym Sagoz the Greedy
  1156 | D:2      | Found a sparkling altar of Nemelex Xobeh.
  1517 | D:2      | Noticed Terence
  1547 | D:2      | Killed Terence
  1548 | D:2      | Reached XP level 4. HP: 24/24 MP: 2/12
  1552 | D:2      | Learned a level 3 spell: Summon Guardian Golem
  1557 | D:2      | Learned a level 4 spell: Summon Lightning Spire
  2347 | D:3      | Reached skill level 1 in Hexes
  2438 | D:3      | Reached XP level 5. HP: 28/28 MP: 8/14
  2755 | D:3      | Found an opulent altar of Gozag.
  2839 | D:3      | Found a stormy altar of Qazlal.
  3337 | D:3      | Found a hazy altar of Hepliaklqana.
  3549 | D:4      | Reached skill level 5 in Spellcasting
  3614 | D:4      | Reached skill level 1 in Fighting
  3854 | D:4      | Noticed an ogre
  3863 | D:4      | Killed an ogre
  3864 | D:4      | Reached XP level 6. HP: 32/34 MP: 15/15
  3981 | D:4      | Found a staircase to the Ecumenical Temple.
  4180 | D:5      | Entered Level 5 of the Dungeon
  4369 | D:5      | Identified the +11 glaive "Oloubrir" {flame, Str+3 Int+4
                  | Stlth+}
  4433 | D:5      | Reached skill level 1 in Air Magic
  4561 | D:5      | Reached XP level 7. HP: 19/38 MP: 17/17
  4730 | D:5      | Noticed Sigmund
  4760 | D:5      | Killed Sigmund
  4761 | D:5      | Reached skill level 5 in Hexes
  5023 | D:5      | Found a runed translucent door.
  5028 | D:5      | Noticed superbruh's ghost (amateur GrMo)
  5140 | D:6      | Noticed a yak
  5144 | D:6      | Noticed a yak
  5149 | D:6      | Killed a yak
  5150 | D:6      | Reached XP level 8. HP: 45/45 MP: 19/19
  5175 | D:6      | Reached skill level 5 in Dodging
  5607 | D:6      | Noticed Eustachio
  5647 | D:6      | Killed Eustachio
  5648 | D:6      | Reached skill level 5 in Air Magic
  5818 | D:6      | HP: 1/46 [sky beast (4)]
  5818 | D:6      | Slain by a sky beast

Illustrated notes

Levels and vault maps discovered:
D:1:      psy_arrival_dodecagon, layout_basic,
          dreamdust_ecumenical_altar_angels_and_demons, minivault_23
D:2:      layout_loops_corners, basic_altar, uniq_terence
D:3:      minmay_angry_zag, layout_basic, grunt_gozag_breadcrumbs,
          mainiacjoe_overflow_big_doors, serial_undead, serial_undead_a,
          serial_undead_b, serial_undead_a, serial_undead_c, nrook_campfire,
          minmay_diced_spiral
D:4:      layout_rooms, minmay_temple_entry_waves
D:5:      layout_rooms, ebering_ghost_sewer_d, uniq_sigmund
D:6:      layout_loops_ring, old_standard_altar, serial_bayou,
          serial_bayou_pond_d, serial_bayou_pond_d, serial_bayou_crossing,
          serial_bayou_pond_d, minmay_misc_feat_doors, minmay_misc_feat_rows,
          dk_noncrumbling_2, uniq_eustachio

Skill      XL: |  1  2  3  4  5  6  7  8 |
---------------+-------------------------+-----
Spellcasting   | 4 5 6 7 |  7.1
Summonings     | 5 6 7 |  7.0
Hexes          | 1 3 4 5 |  5.0
Dodging        | 3 4 5 |  5.4
Fighting       | 1 2 3 |  3.3
Air Magic      | 1 3 5 |  5.2
Stealth        | |  2.4

Action                   |  1- 3 |  4- 6 |  7- 9 || total
-------------------------+-------+-------+-------++-------
Melee: Unarmed           |    16 |       |       ||    16
       Staff             |       |    10 |    17 ||    27
       Punch             |       |     2 |       ||     2
 Cast: Summon Small Mamm |    39 |    26 |       ||    65
       Call Canine Famil |     5 |    32 |    10 ||    47
       Summon Guardian G |       |     5 |     8 ||    13
       Summon Lightning  |       |     3 |     4 ||     7
  Use: Potion            |     1 |       |     4 ||     5
       Scroll            |       |    10 |     1 ||    11
Armor: Robe              |    21 |    12 |    20 ||    53
Dodge: Dodged            |    67 |    41 |    49 ||   157

Table legend: (Time is in decaauts)
 A = Elapsed time spent in this place.
 B = Non-inter-level travel time spent in this place.
 C = Inter-level travel time spent in this place.
 D = Time resting spent in this place.
 E = Time spent auto-exploring this place.
 F = Levels seen in this place.
 G = Mean time per level.
                   A        B        C        D        E       F      G
               +--------+--------+--------+--------+--------+-----+--------+
         Total |   5806 |   5572 |    234 |      0 |   4173 |   6 |  967.7 |
       Dungeon |   5806 |   5572 |    234 |      0 |   4173 |   6 |  967.7 |
               +--------+--------+--------+--------+--------+-----+--------+

Top non-repeatable levels by time:
     D:3: 1376 daAuts
     D:2: 1221 daAuts
     D:5: 941 daAuts
     D:1: 937 daAuts
     D:6: 683 daAuts
     D:4: 645 daAuts
